 Dungeon Crawl Stone Soup version 0.18-a0-1088-g34ef3a2 (webtiles) character file.

154 ater218 the Skirmisher (level 5, -1/48 HPs)
             Began as a Minotaur Berserker on Jan 15, 2016.
             Was a Priest of Trog.
             Slain by a river rat (3 damage)
             ... in a sewer.
             The game lasted 00:08:00 (2096 turns).

ater218 the Skirmisher (Minotaur Berserker)         Turns: 2096, Time: 00:08:00

Health: -1/48      AC:  5    Str: 23    XL:     5   Next: 13%
Magic:  4/4        EV: 12    Int:  4    God:    Trog [***...]
Gold:   220        SH:  0    Dex:  9    Spells: 0 memorised, 4 levels left

rFire  . . .     SeeInvis .     f - +0 halberd
rCold  . . .     Gourm    .     i - +0 ring mail
rNeg   . . .     Faith    .     (shield currently unavailable)
rPois  +         Spirit   .     (helmet restricted)
rElec  .         Dismiss  .     (no cloak)
rCorr  .         Reflect  .     (no gloves)
SustAt .         Harm     .     (no boots)
MR     ++...                    (no amulet)
Stlth  ..........               (no ring)
                                j - ring of poison resistance

@: exhausted, regenerating, slowed, very slow, very resistant to hostile
enchantments, extremely unstealthy
A: retaliatory headbutt, horns 2
a: Berserk, Trog's Hand, Burn Spellbooks, Renounce Religion


You were in a sewer.
You worshipped Trog.
Trog was most pleased with you.
You were very hungry.

You visited 1 branch of the dungeon, and saw 3 of its levels.
You also visited: Sewer.

You collected 220 gold pieces.

Inventory:

Hand Weapons
 f - a +0 halberd (weapon)
Armour
 i - a +0 ring mail (worn)
Jewellery
 j - a ring of poison resistance (left hand)
Scrolls
 l - 2 scrolls of identify
Potions
 b - 2 potions of brilliance
 d - a potion of might {unknown}
 e - 3 potions of curing
 h - 3 potions of heal wounds
Comestibles
 a - 5 chunks of flesh
 c - 4 bread rations
 g - a meat ration
 k - 6 fruits
 m - a beef jerky


   Skills:
 + Level 5.2 Fighting
 + Level 4.4 Polearms
 + Level 3.5 Armour
 + Level 3.4 Dodging


You had 4 spell levels left.
You didn't know any spells.

Dungeon Overview and Level Annotations

Branches:
Dungeon (3/15)

Altars:
Makhleb
Pakellas
The Shining One


Innate Abilities, Weirdness & Mutations

You reflexively headbutt those who attack you in melee.
You have a pair of horns on your head.


Message History

Trog accepts your kill. The river rat bites you.
The river rat closely misses you.
You closely miss the river rat. Your headbutt misses the river rat.
The river rat is moderately wounded.
The river rat bites you.
* * * LOW HITPOINT WARNING * * *
The river rat bites you.
* * * LOW HITPOINT WARNING * * *
You closely miss the river rat.
The river rat is moderately wounded.
The river rat bites you!
* * * LOW HITPOINT WARNING * * *
The river rat bites you.
* * * LOW HITPOINT WARNING * * *
You closely miss the river rat. Your headbutt misses the river rat.
The river rat is moderately wounded.
The river rat bites you!
* * * LOW HITPOINT WARNING * * *
The river rat bites you.
You die...

### ##### ##..# ##.....
.....####....... ............#
... #....r..## ...#
##...@....##..
.≈....##.............
≈≈≈≈≈≈≈...≈....%%....≈≈≈≈≈##≈≈≈≈≈
≈≈≈≈≈≈≈≈≈≈≈.≈≈≈≈..≈..≈≈≈≈≈≈≈≈≈≈≈≈
≈≈≈≈≈≈≈≈≈≈≈≈≈≈≈≈≈≈≈≈≈≈≈≈≈≈≈≈≈≈≈≈≈
≈≈≈≈≈≈≈≈≈≈≈≈≈≈≈≈≈≈≈≈≈≈≈≈≈≈≈≈≈≈≈≈≈
≈≈≈≈≈≈≈≈≈≈≈≈≈....≈.≈≈≈≈≈≈≈≈≈≈≈≈≈≈
≈≈≈≈≈≈≈≈≈≈≈.≈.....≈≈≈≈≈≈≈≈≈≈≈≈≈≈≈
≈≈≈≈≈≈≈.≈≈≈........≈≈≈≈.≈....≈≈≈≈


You could see a river rat.

Vanquished Creatures
  3 adders
  A gnoll (D:1)
  4 river rats (Sewer)
  4 oozes
  4 giant geckos
  3 orcs (D:3)
  2 giant cockroaches
  3 goblins
  3 hobgoblins
  10 kobolds
  A quokka (D:3)
  A ball python (Sewer)
  5 bats
  A giant newt (D:2)
  23 rats
68 creatures vanquished.

Notes
Turn   | Place    | Note
--------------------------------------------------------------
     0 | D:1      | ater218 the Minotaur Berserker began the quest for the Orb.
     0 | D:1      | Reached XP level 1. HP: 19/19 MP: 0/0
   238 | D:1      | Reached skill level 4 in Fighting
   470 | D:1      | Reached XP level 2. HP: 18/27 MP: 1/1
   727 | D:2      | Reached XP level 3. HP: 34/34 MP: 2/2
  1094 | D:2      | Found an oddly glowing altar of Pakellas.
  1095 | D:2      | Found a burning altar of Makhleb.
  1294 | D:2      | Reached ** piety under Trog
  1454 | D:3      | Found a glowing golden altar of the Shining One.
  1506 | D:3      | Reached XP level 4. HP: 41/41 MP: 3/3
  1641 | D:3      | Found a glowing drain.
  1645 | Sewer    | Entered a sewer
  1774 | Sewer    | Reached skill level 5 in Fighting
  2060 | Sewer    | Reached *** piety under Trog
  2061 | Sewer    | Reached XP level 5. HP: 48/48 MP: 4/4
  2096 | Sewer    | HP: 2/48 [river rat (7)]
  2096 | Sewer    | Slain by a river rat

Vault maps used:
D:1:      dpeg_arrival_short_road
D:2:      minitemple, first_bread
D:3:      tso_oasis_becter, gup_sewer_entry_bowl
Sewer:    sewer_minmay_treatment

Action                   |  1- 3 |  4- 6 || total
-------------------------+-------+-------++-------
Melee: Spear             |    19 |       ||    19
       Halberd           |    30 |    73 ||   103
Invok: Berserk           |       |     1 ||     1
       Trog's Hand       |       |     1 ||     1
  Use: Potion            |     7 |       ||     7
       Scroll            |     4 |       ||     4
  Eat: Chunk             |     1 |     2 ||     3
       Fruit             |     1 |       ||     1
